 Dungeon Crawl Stone Soup version 0.24-a0-464-g6b2be6b8c7 (webtiles) character file.

Game seed: 12053683314505380487

92 Bikalo the Ruffian (level 4, -4/45 HPs)
             Began as a Troll Monk on July 4, 2019.
             Slain by Grinder (9 damage)
             ... on level 3 of the Dungeon.
             The game lasted 00:03:02 (1478 turns).

Bikalo the Ruffian (Troll Monk)                     Turns: 1478, Time: 00:03:03

Health: -4/45      AC:  6    Str: 19    XL:     4   Next: 35%
Magic:  3/3        EV: 11    Int:  6    God:
Gold:   80         SH:  0    Dex: 13    Spells: 3/3 levels left

rFire    . . .     SeeInvis .     - Unarmed
rCold    . . .     Gourm    +   (no shield)
rNeg     . . .     Faith    .   a - +0 robe
rPois    .         Spirit   .   (helmet restricted)
rElec    .         Reflect  .   (no cloak)
rCorr    .         Harm     .   (gloves unavailable)
MR       .....                  (boots unavailable)
Stlth    ++........             (no amulet)
HPRegen  0.55/turn              (no ring)
MPRegen  0.08/turn              (no ring)

@: no status effects
A: large, unfitting armour, claws 3, fast metabolism 3, gourmand, regeneration
1, shaggy fur 1, tough skin 3
a: no special abilities


You were on level 3 of the Dungeon.
You were very full.

You visited 1 branch of the dungeon, and saw 3 of its levels.

You collected 80 gold pieces.

Inventory:

Missiles
 f - 3 javelins (quivered)
Armour
 a - a +0 robe (worn)
Wands
 j - a wand of acid (13)
Scrolls
 c - 2 scrolls of magic mapping {unknown}
 d - 2 scrolls of amnesia {unknown}
 e - a scroll of enchant weapon {unknown}
 h - a scroll of remove curse {unknown}
 i - a scroll of identify {unknown}
Potions
 g - a potion of curing
 k - a potion of might {unknown}
Comestibles
 b - 4 rations


   Skills:
 + Level 3.0 Fighting
 + Level 0.8 Throwing
 + Level 2.9 Dodging
 - Level 1.0 Stealth
 * Level 4.1 Unarmed Combat


You had 3 spell levels left.
You didn't know any spells.
Your spell library was empty.

Dungeon Overview and Level Annotations

Branches:
Dungeon (3/15)

Altars:

Annotations:
D:3 Grinder


Innate Abilities, Weirdness & Mutations

You are too large for most types of armour.
You have claws for hands.
Your metabolism is lightning-fast.
You like to eat raw meat.
Your natural rate of healing is unusually fast.
You are covered in fur. (AC +1)
You have extremely tough skin. (AC +3)


Message History

The orc wizard is moderately wounded.
The orc wizard hits you but does no damage.
The orc wizard looks satisfied for a moment.
You completely miss the orc wizard.
The orc wizard is moderately wounded.
Grinder barely misses you. The orc wizard casts a spell at you.
The magic dart hits you.
* * * LOW HITPOINT WARNING * * *
Grinder gestures at you. You resist with significant effort.
The orc wizard hits you but does no damage.
Grinder hits you.
* * * LOW HITPOINT WARNING * * *
It was a potion of curing.
You feel better. The orc wizard casts a spell at you.
The puff of flame hits you.
* * * LOW HITPOINT WARNING * * *
The orc wizard closely misses you. Grinder hits you!
You die...

#.#### #....###.
.......#.#
####+#....#.#.#
..........#.#.#######
....................
..........#.#.....######
# #.<#.#.#...<.......
.###.#.@.†#.#.#.######.#
......o5.(..#..........
.###...................
.......................
##....#####.#.#......##
...... #.#.#..##....
##.### #.#.#........ ...
............. #
#.#.##.#..


You could see Grinder and an orc wizard.

Vanquished Creatures
  Jessica (D:2)
  3 worms (D:2)
  4 dart slugs
  4 leopard geckos
  2 orcs
  3 giant cockroaches (D:1)
  2 goblins (D:2)
  6 hobgoblins (D:1)
  6 kobolds
  A quokka (D:3)
  5 bats
  3 frilled lizards (D:1)
  3 rats (D:1)
43 creatures vanquished.

Notes
Turn   | Place    | Note
-------+----------+-------------------------------------------
     0 | D:1      | Bikalo the Troll Monk began the quest for the Orb.
     0 | D:1      | Reached XP level 1. HP: 22/22 MP: 0/0
   115 | D:1      | Reached XP level 2. HP: 28/29 MP: 1/1
   265 | D:1      | Reached XP level 3. HP: 32/36 MP: 2/2
   989 | D:2      | Noticed Jessica
   993 | D:2      | Killed Jessica
   993 | D:2      | Reached skill level 4 in Unarmed Combat
   993 | D:2      | Reached XP level 4. HP: 44/44 MP: 3/3
  1442 | D:3      | Noticed Grinder
  1477 | D:3      | HP: 2/45 [Grinder (6)]
  1478 | D:3      | Slain by Grinder

Levels and vault maps discovered:
D:1:      lightli_arrival_maybe_door_vault, layout_basic,
          chequers_serial_rivers_micro_c
D:2:      layout_basic, grunt_ministairs_14, uniq_jessica
D:3:      layout_basic, zin_scriptorium, first_ration, uniq_grinder

Skill      XL: |  1  2  3  4 |
---------------+-------------+-----
Unarmed Combat | 4 |  4.1
Fighting       | 3 |  3.0
Throwing       | |  0.8
Dodging        | |  2.9
Stealth        | |  1.0

Action                   |  1- 3 |  4- 6 || total
-------------------------+-------+-------++-------
Melee: Unarmed           |    93 |    18 ||   111
       Punch             |       |     1 ||     1
  Use: Potion            |       |     1 ||     1
 Stab: Sleeping          |     3 |       ||     3
  Eat: Chunk             |    12 |     6 ||    18
Armor: Robe              |    32 |     7 ||    39
Dodge: Dodged            |    43 |    16 ||    59

Table legend:
 A = Non-vault XP
 B = Vault XP
 C = Vault XP percentage of total XP
 D = Non-vault monster count
 E = Vault monster count
 F = Vault count percentage of total count
                 A         B        C        D         E       F
            +---------+---------+-------+---------+---------+-------
      Total |      93 |      39 |  29.5 |      40 |       3 |   7.0
            +---------+---------+-------+---------+---------+-------
        D:1 |      54 |       0 |   0.0 |      26 |       0 |   0.0
        D:2 |      34 |      39 |  53.4 |      12 |       3 |  20.0
        D:3 |       5 |       0 |   0.0 |       2 |       0 |   0.0
            +---------+---------+-------+---------+---------+-------
